Cogmind - Beta 14 @@@ ROGUE MODE // 2024.11.23 @ 05:33:50 Player: WazdakkaGutsmek Result: Destroyed by P-80 Master with Gamma Rifle Performance ------------- Evolutions (7) 3500 Regions Visited (21) 4200 Robots Destroyed (257) 1285 Value Destroyed (15837) 15837 Prototype IDs (9) 180 Alien Tech Used (0) 0 Bonus (13701) 13701 TOTAL SCORE: 38703 Bonus ------- High Alert Combat Kills 4925 Follower Combat Kills 3955 Entered Garrisons 1600 Used RIF Installer 4500 Friendly Fire -1279 Cogmind --------- Core Integrity 0/1300 Matter 267/300 Energy 51/100 System Corruption 10% Temperature Cool (0) Movement Flying (37) Location -3/Research Parts ------- > --- POWER (2) -------- (None) > --- PROPULSION (6) --- Xenon Bombardment Thruster Xenon Bombardment Thruster > --- UTILITY (11) ----- (None) > --- WEAPON (2) ------- (None) > --- INVENTORY (5) ---- Quantum Capacitor Improved Force Field Heavy Disruptor Cannon Peak State ------------ > --- POWER ------------ Reinforced Fission Core Reinforced Fission Core > --- PROPULSION ------- Heavy Treads Heavy Treads Improved Heavy Treads > --- UTILITY ---------- Advanced Cooling System Huge Storage Unit Quantum Capacitor Hardened Medium Armor Plating Improved Force Field Relay Coupler [NC] Relay Coupler [Swarmer] Relay Coupler [Grunt] Relay Coupler [Hunter] Relay Coupler [Heavy] > --- WEAPON ----------- Nova Cannon Improved Remote Datajack > --- INVENTORY -------- Reinforced Fission Core Light Antimatter Reactor Light Antimatter Reactor Heavy Treads Heavy Treads Centrium Wheel Advanced Signal Interpreter Quantum Capacitor Hardened Heavy Armor Plating Hardened Heavy Armor Plating Long-range Tractor Beam Phase Gun Heavy Disruptor Cannon Matter Neutralizer [Rating: 125] Favorites ----------- Power Micro Fission Core Engine Improved Deuterium Engine Power Core Micro Fission Core Reactor Mini Fusion Reactor Propulsion Light Treads Treads Light Treads Leg Carbon-fiber Leg Wheel Centrium Wheel Flight Unit Xenon Bombardment Thruster Utility Huge Storage Unit Device Advanced Cooling System Storage Huge Storage Unit Processor Enhanced Optical Array Hackware Relay Coupler [Grunt] Protection Hardened Medium Armor Plating Weapon High-powered Shotgun Energy Gun Shock Rifle Energy Cannon Heavy Phase Cannon Ballistic Gun High-powered Shotgun Ballistic Cannon Heavy Linear Accelerator Launcher Scatter Rocket Array Special Weapon Improved Remote Datajack Impact Weapon Flail Build | -11 -10 -9 -9 -9 -8 -8 -7 -7 -6 -6 -6 -6 -5 -5 -4 -4 -4 -4 -4 -4 -3 ------- Run | Yrd Mat Mat Sto Gar Mat Gar Fac Gar Fac Gar Fac Gar Fac Gar Fac Was Fac Gar Fac Gar Res Slots Evolved 14 | . . 2 . . 2 . 2 . 2 . . . 2 . 2 . . . . . 2 Power 1 | . . . . . . . . . . . . . 1 . . . . . . . . Propulsion 4 | . . 1 . . 1 . 1 . 1 . . . . . . . . . . . . Utility 9 | . . 1 . . 1 . 1 . 1 . . . 1 . 2 . . . . . 2 Weapon . | . . . . . . . . . . . . . . . . . . . . . . Parts Attached 336 | . 8 6 24 9 19 14 21 12 10 23 . 11 38 11 18 7 13 38 12 21 21 Power 39 | . 1 1 5 1 1 1 1 1 3 . . 1 4 2 4 . 2 6 1 1 3 Engine 11 | . 1 1 5 1 1 . . . 2 . . . . . . . . . . . . Core 19 | . . . . . . 1 1 1 1 . . 1 4 2 4 . . 2 . 1 1 Reactor 9 | . . . . . . . . . . . . . . . . . 2 4 1 . 2 Propulsion 67 | . 4 3 10 3 7 2 7 2 1 2 . 3 5 1 3 1 2 2 2 1 6 Treads 52 | . . 3 10 3 7 2 7 2 1 2 . . 5 1 . 1 1 2 2 1 2 Leg 7 | . 4 . . . . . . . . . . 3 . . . . . . . . . Wheel 4 | . . . . . . . . . . . . . . . 3 . 1 . . . . Hover . | . . . . . . . . . . . . . . . . . . . . . . Flight 4 | . . . . . . . . . . . . . . . . . . . . . 4 Utility 101 | . . 2 3 3 4 4 4 1 4 5 . 4 10 5 4 3 5 15 6 9 10 Device 36 | . . 1 . 1 1 . 2 1 2 1 . 1 6 1 1 . 4 6 1 2 5 Storage 1 | . . . . . 1 . . . . . . . . . . . . . . . . Processor 4 | . . . . . . . . . 1 . . 1 . . 1 . . . . . 1 Hackware 21 | . . . . . . 2 1 . . 1 . 1 2 3 . 1 . 5 2 2 1 Protection 39 | . . 1 3 2 2 2 1 . 1 3 . 1 2 1 2 2 1 4 3 5 3 Artifact . | . . . . . . . . . . . . . . . . . . . . . . Weapon 129 | . 3 . 6 2 7 7 9 8 2 16 . 3 19 3 7 3 4 15 3 10 2 Energy Gun 31 | . 1 . . . 1 1 6 4 1 7 . 2 . . . 1 1 4 . 1 1 Energy Cannon 34 | . . . 1 . . . 1 2 1 1 . . 11 2 4 . 2 5 . 4 . Ballistic Gun 21 | . 2 . 4 2 5 4 1 . . . . . . . . . 1 2 . . . Ballistic Cannon 10 | . . . . . . . . . . 5 . 1 . . 1 1 . 1 1 . . Launcher 11 | . . . 1 . . 1 . 2 . . . . 4 . . . . 1 . 2 . Special Weapon 21 | . . . . . . 1 1 . . 3 . . 4 1 2 1 . 2 2 3 1 Impact Weapon 1 | . . . . . 1 . . . . . . . . . . . . . . . . Slashing Weapon . | . . . . . . . . . . . . . . . . . . . . . . Piercing Weapon . | . . . . . . . . . . . . . . . . . . . . . . Special Melee Weapon . | . . . . . . . . . . . . . . . . . . . . . . Unidentified Prototypes 9 | . . . 4 . . . 2 . 1 . . . 1 . . . 1 . . . . Corrupted Parts 10 | . . . . . . . . . . . . 3 1 . . . . 6 . . . System Corruption 47 | . . . . . . . . . . . . 6 4 . . . . 37 . . . Parts Lost 91 | . 1 . 4 3 5 8 4 3 . 2 . 8 11 1 6 . . 9 . 1 25 Power 12 | . 1 . . 1 . 1 1 1 . . . . 2 . . . . 2 . . 3 Propulsion 29 | . . . 2 1 3 3 2 . . 1 . 3 3 1 2 . . 1 . . 7 Utility 33 | . . . 2 . 1 2 1 2 . . . 4 5 . 2 . . 3 . . 11 Weapon 17 | . . . . 1 1 2 . . . 1 . 1 1 . 2 . . 3 . 1 4 Highest Loss Streak 16 | . 1 . 2 2 2 4 1 1 . 1 . 3 2 1 6 . . 1 . 1 16 To Critical Strikes 1 | . . . . . . . . . . . . . . . . . . 1 . . . Average Slot Usage (%) 77 | . 76 70 95 94 92 84 88 71 61 73 80 61 71 69 57 82 77 73 83 78 74 Engine 2 | . 6 3 10 10 9 7 . . 1 6 6 3 . . . . . . . . . Core 4 | . . . . . . . 6 6 4 . . 2 10 10 9 10 1 . 5 9 7 Reactor 1 | . . . . . . . . . . . . . . . . . 8 9 2 . . Treads 18 | . . 13 31 27 32 34 33 23 20 19 20 9 14 11 8 . 5 6 15 15 12 Wheel 1 | . . . . . . . . . . . . . . . 1 13 4 5 4 . . Device 9 | . . 3 11 11 12 5 9 7 8 6 6 7 7 11 9 10 14 8 10 10 12 Storage 6 | . 14 11 11 11 9 9 7 7 6 6 6 6 5 5 5 5 5 5 5 5 3 Processor 2 | . . . . . . . . . 4 6 6 9 11 7 . 5 5 1 . . . Hackware 7 | . . . . . . . . . . 4 6 2 5 6 10 15 15 18 17 21 22 Protection 7 | . . 5 8 11 11 8 13 9 1 13 13 5 1 4 5 10 5 7 10 7 3 Energy Gun 3 | . 12 . . . 1 . 10 12 11 3 13 10 . . . 2 4 3 . . . Energy Cannon 2 | . . . 5 11 . . 1 1 . . . . 7 4 4 . 1 1 5 2 3 Ballistic Gun 3 | . 15 22 15 10 15 16 2 . . . . . . . . . 1 2 . . . Peak Build Rating 125 | . 6 10 19 16 29 33 45 66 83 98 91 96 80 78 71 81 104 112 114 114 125 Average Rating 66 | . 5 6 12 14 22 27 37 59 72 92 91 64 68 70 66 71 91 91 109 106 113 On Entrance 55 | 6 6 5 10 13 16 29 23 37 59 78 91 91 35 68 70 67 78 104 112 108 110 Naked Turns 13 | . . . . . . . . . . . . . . . . . . . . . 13 Heaviest Build 167 | 13 13 18 29 24 110 110 120 116 112 132 110 124 120 127 134 132 128 156 160 167 165 Greatest Support 225 | 20 20 60 60 60 80 80 111 178 225 225 225 225 110 84 56 70 70 167 215 215 215 Greatest Overweight (x) 36 | . 2 . . . 2 1 1 1 . . . 30 3 2 36 2 7 8 . . 1 Average Overweight (x) 1 | . . . . . . 1 . . . . . . 1 1 2 1 6 6 . . . Largest Inventory Capacity 25 | . 8 8 8 8 25 25 25 25 25 25 25 25 25 25 25 25 25 25 25 25 25 Average Capacity 23 | . 8 8 8 8 23 25 25 25 25 25 25 25 25 25 25 25 25 25 25 25 24 Most Carried 25 | . 8 8 8 8 14 18 25 25 25 25 24 25 21 25 24 25 25 25 24 25 22 Average Carried 19 | . 6 6 6 6 9 15 21 24 22 23 24 21 18 20 22 22 24 21 19 22 17 Final Capacity 25 | 8 8 8 8 8 25 25 25 25 25 25 25 25 25 25 25 25 25 25 25 25 5 Final Carried 25 | 6 7 7 7 8 14 16 25 25 24 24 24 19 16 22 23 24 25 17 24 22 5 Class Distribution -------------------- 46% | Botlord-Mutant 26% | Bothacker-Mutant 22% | Scavenger-Mutant 4% | Mutant Dominant Class ---------------- Mutant | -10/Materials Scavenger-Mutant | -9/Materials Scavenger-Mutant | -9/Storage Scavenger-Mutant | -9/Garrison Scavenger-Mutant | -8/Materials Bothacker-Mutant | -8/Garrison Bothacker-Mutant | -7/Factory Scavenger-Mutant | -7/Garrison Bothacker-Mutant | -6/Factory Bothacker-Mutant | -6/Garrison Botlord-Mutant | -6/Factory Botlord-Mutant | -6/Garrison Botlord-Mutant | -5/Factory Botlord-Mutant | -5/Garrison Botlord-Mutant | -4/Factory Botlord-Mutant | -4/Waste Botlord-Mutant | -4/Factory Botlord-Mutant | -4/Garrison Botlord-Mutant | -4/Factory Bothacker-Mutant | -4/Garrison Botlord-Mutant | -3/Research Resources | -11 -10 -9 -9 -9 -8 -8 -7 -7 -6 -6 -6 -6 -5 -5 -4 -4 -4 -4 -4 -4 -3 ----------- Run | Yrd Mat Mat Sto Gar Mat Gar Fac Gar Fac Gar Fac Gar Fac Gar Fac Was Fac Gar Fac Gar Res Matter Collected 7660 | 173 136 14 417 184 426 574 326 264 26 905 . 231 549 121 532 215 246 752 456 557 556 Remotely 348 | . . . . . . . . . . . . . . . . . . 338 . . 10 Salvage Created 13370 | . 415 60 797 405 749 363 632 1536 190 1318 . 1038 1797 347 211 . 120 1241 169 701 1281 Parts 548 | . 21 6 46 20 32 37 28 46 9 41 . 33 75 5 8 . 5 56 8 17 55 Haulers Intercepted 6 | . 1 . 2 . 2 . . . . . . . 1 . . . . . . . . Recyclers Shooed 2 | . . . . . 1 . . . . . . . . . . . 1 . . . . Parts Field Recycled . | . . . . . . . . . . . . . . . . . . . . . . Retrieved Matter . | . . . . . . . . . . . . . . . . . . . . . . Parts Self-Destructed . | . . . . . . . . . . . . . . . . . . . . . . Prevented . | . . . . . . . . . . . . . . . . . . . . . . Kills | -11 -10 -9 -9 -9 -8 -8 -7 -7 -6 -6 -6 -6 -5 -5 -4 -4 -4 -4 -4 -4 -3 ------- Run | Yrd Mat Mat Sto Gar Mat Gar Fac Gar Fac Gar Fac Gar Fac Gar Fac Was Fac Gar Fac Gar Res Combat Hostiles Destroyed 231 | . 8 1 14 13 14 22 10 18 3 16 . 26 26 . 4 . 2 22 4 9 19 Guns 111 | . 8 1 11 3 13 20 5 9 2 3 . 21 . . . . 1 14 . . . Cannons 80 | . . . 3 10 1 . 2 1 . 12 . 1 23 . 2 . 1 . 3 4 17 AOE 25 | . . . . . . 2 1 7 1 . . 1 3 . . . . 4 1 5 . Classes Destroyed 17 | . 3 1 4 1 1 2 1 . . 1 . . 2 . . . . 1 . . . Worker 5 | . 1 . 1 . . . . . . . . . 1 . . . 1 . 1 . . Builder 3 | . . . 1 . . . . . . . . . 2 . . . . . . . . Hauler 6 | . 1 . 2 . 2 . . . . . . . 1 . . . . . . . . Recycler 5 | . . . 1 . 2 . 1 . . . . . 1 . . . . . . . . Mechanic 1 | . . . . . . . . . . . . . 1 . . . . . . . . Operator 1 | . . . 1 . . . . . . . . . . . . . . . . . . Watcher 2 | . . . . . . . 1 1 . . . . . . . . . . . . . Swarmer 59 | . . . 4 6 2 14 . 4 . 5 . 13 1 . . . 1 4 . . 5 Cutter 1 | . . . . . . . . . . . . . 1 . . . . . . . . Grunt 85 | . 8 . 5 4 7 . 5 12 2 1 . 8 12 . . . . 6 2 6 7 Brawler 8 | . . . . 2 . 2 . . . . . . 2 . 1 . . . . 1 . Duelist 9 | . . . . . 1 . . 1 1 2 . 1 . . 1 . . . . 1 1 Sentry 27 | . . 1 5 1 4 1 2 1 . 5 . 4 1 . . . 1 1 . . . Hunter 18 | . . . . . . 1 1 . . 1 . . 7 . . . . 6 . 2 . Programmer 24 | . . . . . . 4 2 . . . . . 2 . 2 . . 4 2 . 8 Behemoth 1 | . . . . . . . . . . . . . . . . . . 1 . . . Executioner 2 | . . . . . . . . . . 2 . . . . . . . . . . . Best Kill Streak 12 | . 6 1 5 12 5 4 3 9 3 3 . 6 6 . 2 . 1 9 2 4 3 Combat Bots Only 12 | . 5 1 5 12 4 4 2 9 3 3 . 6 5 . 2 . 1 9 2 4 3 Max Kills in Single Turn 4 | . 1 1 1 1 2 2 1 2 1 1 . 1 2 . 1 . 1 2 1 4 1 Gunslinging 1 | . . . . . . 1 . . . . . . . . . . . . . . . Exploded 4 | . . . . . . 1 1 2 1 . . 1 1 . . . . 1 1 4 . Melee . | . . . . . . . . . . . . . . . . . . . . . . Uniques/NPCs Destroyed . | . . . . . . . . . . . . . . . . . . . . . . Combat | -11 -10 -9 -9 -9 -8 -8 -7 -7 -6 -6 -6 -6 -5 -5 -4 -4 -4 -4 -4 -4 -3 -------- Run | Yrd Mat Mat Sto Gar Mat Gar Fac Gar Fac Gar Fac Gar Fac Gar Fac Was Fac Gar Fac Gar Res Hostile Shots Fired 2183 | . 43 3 94 76 83 166 92 99 7 131 . 259 238 . 48 . 54 302 54 92 342 Missed 620 | . 12 . 24 21 22 39 24 27 2 35 . 72 64 . 8 . 27 115 19 28 81 Damage Taken 25426 | . 366 47 946 572 1025 1621 900 815 95 1546 . 2035 3250 111 1194 70 425 2893 834 936 5745 Core 3497 | . 81 . 116 101 111 136 19 70 19 256 . 200 372 . 88 . 61 460 28 68 1311 Absorbed by Shields 2375 | . . . . . . 35 . 96 . 144 . 187 166 . . . 141 403 220 621 362 Reduced by Siege Mode 239 | . . . . . . . . . . . . . . . . . . . . . 239 Ignored by Resistances 206 | . . . . . . . 109 97 . . . . . . . . . . . . . Regen/Repaired (Parts) 300 | . . . . . . . . . . . . . . . . 242 58 . . . . Core Remaining (%) 62 | 100 67 . . 45 . 55 . 87 . . . 44 . 62 . . . . . 38 . Volleys Fired 1184 | . 36 2 54 42 55 72 42 98 7 101 . 66 113 42 27 29 23 101 54 87 133 Largest 2 | . 2 2 2 2 2 2 2 2 2 2 . 2 2 1 1 1 2 2 2 2 1 Hottest 180 | . 70 40 91 91 88 58 143 160 105 160 . 160 180 110 110 75 123 138 170 163 113 Shots Fired 1742 | . 72 4 105 83 107 122 80 139 15 148 . 116 181 48 27 29 42 148 57 85 134 Gun 908 | . 72 4 91 41 97 114 66 69 15 89 . 105 . . . 6 30 102 . . 7 Cannon 707 | . . . 14 42 10 . 12 61 . 53 . 11 164 42 22 17 12 36 41 53 117 Launcher 25 | . . . . . . 2 . 9 . . . . 6 1 . . . 5 . 2 . Special 102 | . . . . . . 6 2 . . 6 . . 11 5 5 6 . 5 16 30 10 Kinetic 558 | . 36 4 91 41 95 114 8 . . 48 . 11 . . 10 17 18 46 5 14 . Thermal 785 | . 36 . 14 42 12 . 30 99 . 63 . 42 159 30 4 6 12 46 36 37 117 Explosive 21 | . . . . . . 2 . 9 . . . . 2 1 . . . 5 . 2 . Electromagnetic 276 | . . . . . . . 40 31 15 31 . 63 9 12 8 . 12 46 . 2 7 Robot Hit Streak 66 | . 18 21 22 13 24 10 11 38 11 66 . 26 10 15 12 10 5 10 11 8 25 Robot Miss Streak 7 | . 3 . 2 2 4 6 4 4 2 5 . 3 2 7 1 2 7 7 6 6 2 Penetration Max 2 | . . . . . . . . . . . . . . . . . 2 . . . . Secondary Targets 21 | . 3 . 2 . . 5 . 1 1 . . 7 . . . . . 2 . . . Max Gunslinging Chain 1 | . 1 . 1 . . 1 . 1 1 . . 1 . . . . . 1 . . . Capacitor 165 | . . . . . . . . . . . . . . . . . . 39 15 . 111 Shots Hit Robots 1222 | . 58 4 75 46 84 90 57 113 12 120 . 87 110 36 23 23 17 85 33 45 104 Core Hits 616 | . 21 3 33 20 39 37 21 68 7 85 . 61 66 18 3 1 10 60 4 25 34 Critical Kills 4 | . . . . . 1 . 1 . . . . . . . . . . 2 . . . Critical Parts Destroyed 4 | . . 1 . 1 1 1 . . . . . . . . . . . . . . . Critical Strikes 35 | . 3 1 1 1 2 1 4 . . 4 . 4 . . 1 3 1 7 . 1 1 Burn 8 | . 3 . . . . . 1 . . . . . . . . 1 . 3 . . . Meltdown 1 | . . . . . . . 1 . . . . . . . . . . . . . . Destroy 8 | . . 1 1 1 1 1 . . . . . . . . . . 1 2 . . . Blast 8 | . . . . . . . . . . 3 . 1 . . 1 2 . . . 1 . Corrupt 9 | . . . . . . . 2 . . 1 . 3 . . . . . 2 . . 1 Smash 1 | . . . . . 1 . . . . . . . . . . . . . . . . Melee Attacks 4 | . . . . . 4 . . . . . . . . . . . . . . . . Impact 4 | . . . . . 4 . . . . . . . . . . . . . . . . Slashing . | . . . . . . . . . . . . . . . . . . . . . . Piercing . | . . . . . . . . . . . . . . . . . . . . . . Sneak Attacks . | . . . . . . . . . . . . . . . . . . . . . . Combat Hostiles . | . . . . . . . . . . . . . . . . . . . . . . Follow-up Attacks . | . . . . . . . . . . . . . . . . . . . . . . Damage Inflicted 36257 | . 607 30 897 771 1682 1867 1312 3456 287 4369 . 2692 5122 1290 692 605 515 3433 926 1454 4250 Guns 13386 | . 595 30 690 217 1427 1735 934 1230 228 2074 . 2031 . . . 85 333 1593 . . 184 Cannons 18241 | . . . 194 554 177 . 209 1490 . 2295 . 462 3929 1125 692 520 172 666 868 969 3919 Explosions 4413 | . . . . . . 132 169 736 59 . . 199 1149 165 . . . 1174 . 485 145 Melee 72 | . . . . . 72 . . . . . . . . . . . . . . . . Ramming 145 | . 12 . 13 . 6 . . . . . . . 44 . . . 10 . 58 . 2 Kinetic 9421 | . 232 30 690 217 1412 1735 101 . . 2193 . 462 . . 370 520 295 654 191 319 . Thermal 18440 | . 363 . 194 554 192 . 640 2188 59 1746 . 1144 3992 928 139 85 38 932 677 650 3919 Explosive 3306 | . . . . . . 132 . 736 . . . . 564 165 . . . 1079 . 485 145 Electromagnetic 4873 | . . . . . . . 571 532 228 430 . 1086 522 197 183 . 172 768 . . 184 Impact 72 | . . . . . 72 . . . . . . . . . . . . . . . . Slashing . | . . . . . . . . . . . . . . . . . . . . . . Piercing . | . . . . . . . . . . . . . . . . . . . . . . Highest Corruption 46 | . . . 1 1 . 12 . . 5 . . 6 9 9 5 5 5 43 46 46 8 Average Corruption 14 | . . . 1 1 . 6 . . 2 . . 4 6 9 2 5 3 9 44 46 3 Corruption Purged 10 | . . . . . . . . . 5 . . . . . . . 5 . . . . Corruption Blocked . | . . . . . . . . . . . . . . . . . . . . . . Effects 364 | . . . . 5 . 25 . . 2 . . 2 25 77 4 15 6 56 49 84 14 Message Errors 88 | . . . . 1 . 7 . . . . . . 6 15 1 4 . 13 17 20 4 Matter Fused 91 | . . . . 1 . 4 . . 1 . . 1 6 29 1 3 3 11 8 18 5 Heat Flow Errors 39 | . . . . 1 . 1 . . . . . 1 5 5 2 1 1 7 3 10 2 Energy Discharges 34 | . . . . . . 2 . . . . . . 2 5 . 2 . 12 1 10 . Parts Rejected 6 | . . . . . . . . . . . . . . 1 . . . . 2 3 . Parts Fused 6 | . . . . . . 1 . . . . . . 1 1 . . . 1 . 2 . Data Loss (minor) 40 | . . . . 1 . 3 . . . . . . 1 6 . 2 1 8 9 7 2 Data Loss (major) 17 | . . . . . . 3 . . . . . . 1 5 . 1 . 1 3 3 . Misfires 13 | . . . . . . . . . 1 . . . 1 6 . . 1 . 1 2 1 Alerts 19 | . . . . 1 . 4 . . . . . . 1 4 . 2 . 2 2 3 . Misdirections 2 | . . . . . . . . . . . . . . . . . . . . 2 . Weapon Failures 9 | . . . . . . . . . . . . . 1 . . . . 1 3 4 . Overload Shots . | . . . . . . . . . . . . . . . . . . . . . . Overflow Damage 802 | . . . . . 37 . 34 3 . 297 . . 121 11 34 . . 68 59 6 132 Projectiles 664 | . . . . . . . 7 . . 297 . . 99 . 34 . . 35 59 6 127 Explosions 101 | . . . . . . . 27 3 . . . . 22 11 . . . 33 . . 5 Melee 37 | . . . . . 37 . . . . . . . . . . . . . . . . Knockbacks 14 | . . . . . . . . . . 7 . 2 . . 1 . 1 . 3 . . Impact 1 | . . . . . . . . . . . . . . . . . 1 . . . . Kinetic 13 | . . . . . . . . . . 7 . 2 . . 1 . . . 3 . . Secondary . | . . . . . . . . . . . . . . . . . . . . . . Self-Inflicted Damage 567 | . . . . . . . . 30 . . . . 150 49 . . 5 28 . 233 72 Shots 20 | . . . . . . . . 2 . . . . 3 2 . . . 1 . 11 1 Rammed 13 | . . . 1 . 1 . . . . . . . 4 . . . 1 . 5 . 1 Targets Rammed 17 | . 1 . 3 . 1 . . . . . . . 4 . . . 1 . 6 . 1 Kicked 1 | . 1 . . . . . . . . . . . . . . . . . . . . Crushed 3 | . . . 2 . . . . . . . . . . . . . . . 1 . . Highest Temperature 620 | . 179 1 57 228 103 265 288 220 150 234 . 404 357 199 184 130 180 237 576 234 620 Average Temperature 94 | . 74 1 15 33 32 138 68 107 78 69 . 88 78 64 75 20 64 98 123 63 195 Received Heat Transfer 4294 | . 198 18 345 189 378 36 228 199 45 154 . 650 270 . 57 . 12 193 32 194 1096 Effects 29 | . . . . . . . 1 . . . . 4 1 . . . . . 3 . 20 Shutdowns 12 | . . . . . . . . . . . . . . . . . . . 2 . 10 Energy Bleed 6 | . . . . . . . 1 . . . . 1 1 . . . . . . . 3 Interference 5 | . . . . . . . . . . . . 3 . . . . . . . . 2 Matter Decay 2 | . . . . . . . . . . . . . . . . . . . 1 . 1 Short Circuit 2 | . . . . . . . . . . . . . . . . . . . . . 2 Damage (minor) 1 | . . . . . . . . . . . . . . . . . . . . . 1 Damage (core) 1 | . . . . . . . . . . . . . . . . . . . . . 1 Siege Activations 3 | . . . . . . . . . . . . . . . . . . . . . 3 Total Turns 87 | . . . . . . . . . . . . . . . . . . . . . 87 Longest Duration 41 | . . . . . . . . . . . . . . . . . . . . . 41 Robots Corrupted 12 | . . . . . . . 1 . . 1 . 3 . . 2 . . 4 . . 1 Combat Hostiles 12 | . . . . . . . 1 . . 1 . 3 . . 2 . . 4 . . 1 Parts Fried 19 | . . . . . . . 4 . 1 2 . 5 . 2 1 . . 4 . . . Impact Corruptions 1 | . . . . . 1 . . . . . . . . . . . . . . . . Robots Melted 3 | . . . . . . . 1 1 . . . . . . . . . . . . 1 Combat Hostiles 3 | . . . . . . . 1 1 . . . . . . . . . . . . 1 Parts Melted 44 | . . . 1 2 2 . 3 5 . 8 . 3 10 . . . . 3 . 2 5 Heat Transferred 25624 | . 1295 . 370 940 333 . 1092 4425 50 3950 . 1812 4196 999 148 222 111 1245 629 666 3141 Parts Sabotaged 2 | . . . . . . . . . . . . . . . . . . . . 2 . Parts Stolen . | . . . . . . . . . . . . . . . . . . . . . . Parts Stripped . | . . . . . . . . . . . . . . . . . . . . . . Power Chain Reactions 7 | . . . . . . . 3 . 1 . . 2 . . . . . 1 . . . Alert | -11 -10 -9 -9 -9 -8 -8 -7 -7 -6 -6 -6 -6 -5 -5 -4 -4 -4 -4 -4 -4 -3 ------- Run | Yrd Mat Mat Sto Gar Mat Gar Fac Gar Fac Gar Fac Gar Fac Gar Fac Was Fac Gar Fac Gar Res Peak Influence 2663 | . 252 150 450 603 410 920 503 814 501 2663 1397 1789 1624 2624 1385 505 753 1402 1246 1908 1522 Initial 1397 | . . 105 63 187 293 164 472 87 427 350 1397 977 938 1136 1377 408 213 423 735 872 1073 Average 927 | . 119 133 227 423 286 544 217 409 446 1538 1397 1433 1084 1804 1304 410 366 896 918 1457 1296 Maximum Alert Level 5 | . 1 . 2 2 2 3 2 3 2 5 4 5 5 5 4 2 3 4 4 5 4 Low Security (%) 10 | . 64 100 37 5 17 8 60 21 . . . . . . . . 17 . . . . Level 1 15 | . 35 . 61 33 77 25 18 35 . 4 . . . . . 14 46 1 . . . Level 2 18 | . . . 1 61 5 38 20 30 100 24 . . . . . 85 33 28 . . . Level 3 16 | . . . . . . 28 . 12 . 8 . 7 61 . . . 3 43 84 20 7 Level 4 23 | . . . . . . . . . . 8 100 63 33 42 100 . . 26 15 36 92 Level 5 15 | . . . . . . . . . . 53 . 29 4 57 . . . . . 43 . High Security . | . . . . . . . . . . . . . . . . . . . . . . Max Security . | . . . . . . . . . . . . . . . . . . . . . . Squads Dispatched 38 | . 2 . 1 . 2 . 4 . 1 . . . 8 . 3 . 3 . 5 . 9 Investigation 1 | . 1 . . . . . . . . . . . . . . . . . . . . Extermination 10 | . . . . . . . 2 . 1 . . . 1 . 1 . 1 . 2 . 2 Reinforcement 13 | . 1 . . . 1 . 2 . . . . . 3 . . . 2 . 3 . 1 Assault 8 | . . . . . . . . . . . . . 3 . 2 . . . . . 3 Garrison 6 | . . . 1 . 1 . . . . . . . 1 . . . . . . . 3 Intercept . | . . . . . . . . . . . . . . . . . . . . . . Searches Triggered . | . . . . . . . . . . . . . . . . . . . . . . Construction Impeded 3 | . . . . . . . . . . . . . 1 . . . . . 2 . . Haulers Reinforced 3 | . . . . . . . 2 . . . . . 1 . . . . . . . . Active Scanning Responses . | . . . . . . . . . . . . . . . . . . . . . . Cargo Convoy Interrupts . | . . . . . . . . . . . . . . . . . . . . . . Stealth | -11 -10 -9 -9 -9 -8 -8 -7 -7 -6 -6 -6 -6 -5 -5 -4 -4 -4 -4 -4 -4 -3 --------- Run | Yrd Mat Mat Sto Gar Mat Gar Fac Gar Fac Gar Fac Gar Fac Gar Fac Was Fac Gar Fac Gar Res Distress Signals 12 | . 2 . 2 . 1 . . . . . . . 1 . . . 1 . 5 . . Communications Jammed 151 | . . . . . . . . . . . . . . . . . . . . . 151 Distress Signals 151 | . . . . . . . . . . . . . . . . . . . . . 151 Times Spotted 452 | . 11 2 25 13 23 27 15 20 3 56 . 33 54 1 13 6 12 27 22 31 58 Peak Tracking Total 9 | . 5 1 5 4 6 5 2 6 2 6 . 8 5 1 9 3 4 5 6 4 9 Tactical Retreats 23 | . 1 . 1 . 2 1 . 3 . 3 . 3 1 . . . 1 3 1 1 2 Traps | -11 -10 -9 -9 -9 -8 -8 -7 -7 -6 -6 -6 -6 -5 -5 -4 -4 -4 -4 -4 -4 -3 ------- Run | Yrd Mat Mat Sto Gar Mat Gar Fac Gar Fac Gar Fac Gar Fac Gar Fac Was Fac Gar Fac Gar Res Traps Triggered 35 | . 3 . 6 . 2 4 1 2 . 2 . 2 . 1 1 . . 10 . 1 . Indirectly . | . . . . . . . . . . . . . . . . . . . . . . Trap Hack Attempts . | . . . . . . . . . . . . . . . . . . . . . . Triggered . | . . . . . . . . . . . . . . . . . . . . . . Disarmed . | . . . . . . . . . . . . . . . . . . . . . . Reprogrammed . | . . . . . . . . . . . . . . . . . . . . . . Reused . | . . . . . . . . . . . . . . . . . . . . . . Traps Extracted . | . . . . . . . . . . . . . . . . . . . . . . Installed 3 | . . . . 3 . . . . . . . . . . . . . . . . . Triggered . | . . . . . . . . . . . . . . . . . . . . . . Most Traps Carried 2 | . . . . 2 . . . . . . . . . . . . . . . . . Machines | -11 -10 -9 -9 -9 -8 -8 -7 -7 -6 -6 -6 -6 -5 -5 -4 -4 -4 -4 -4 -4 -3 ---------- Run | Yrd Mat Mat Sto Gar Mat Gar Fac Gar Fac Gar Fac Gar Fac Gar Fac Was Fac Gar Fac Gar Res Machines Disabled 55 | . . . . 6 . 3 2 1 . 6 . 2 8 7 . . . 5 4 7 4 Max in Single Turn 3 | . . . . 1 . 1 1 1 . 1 . 1 3 1 . . . 1 . 1 1 Garrison Access 1 | . . . . . . . . . . . . . . . . . . . . . 1 Garrison Relay 22 | . . . . 1 . 2 . 1 . 3 . 2 . 5 . . . 4 . 4 . Machines Repaired . | . . . . . . . . . . . . . . . . . . . . . . Machines Dismantled . | . . . . . . . . . . . . . . . . . . . . . . Machines Sabotaged . | . . . . . . . . . . . . . . . . . . . . . . Overloaded Fab Kills . | . . . . . . . . . . . . . . . . . . . . . . Hacking | -11 -10 -9 -9 -9 -8 -8 -7 -7 -6 -6 -6 -6 -5 -5 -4 -4 -4 -4 -4 -4 -3 --------- Run | Yrd Mat Mat Sto Gar Mat Gar Fac Gar Fac Gar Fac Gar Fac Gar Fac Was Fac Gar Fac Gar Res Machines Accessed 39 | . . . 3 1 7 2 2 3 3 2 1 1 1 2 1 . 2 2 1 2 3 Terminals 29 | . . . 2 1 6 2 1 3 2 2 . 1 . 2 1 . . 2 . 2 2 Fabricators 1 | . . . . . . . . . . . . . . . . . 1 . . . . Repair Stations . | . . . . . . . . . . . . . . . . . . . . . . Recycling Units . | . . . . . . . . . . . . . . . . . . . . . . Scanalyzers . | . . . . . . . . . . . . . . . . . . . . . . Garrison Access 9 | . . . 1 . 1 . 1 . 1 . 1 . 1 . . . 1 . 1 . 1 Total Hacks 74 | . . . 7 1 15 2 7 8 5 2 1 1 1 6 3 . 3 2 1 4 5 Successful 31 | . . . 2 1 7 1 3 1 2 2 1 . 1 2 1 . 2 1 1 1 2 Failed 43 | . . . 5 . 8 1 4 7 3 . . 1 . 4 2 . 1 1 . 3 3 Catastrophic 14 | . . . 1 . 4 1 1 1 1 . . 1 . 1 1 . . . . . 2 Database Lockouts . | . . . . . . . . . . . . . . . . . . . . . . Manual 29 | . . . . . 15 . 6 . 4 . . . . . 3 . . . . . 1 Terminals 61 | . . . 5 1 14 2 6 8 4 2 . 1 . 6 3 . . 2 . 4 3 Fabricators 2 | . . . . . . . . . . . . . . . . . 2 . . . . Repair Stations . | . . . . . . . . . . . . . . . . . . . . . . Recycling Units . | . . . . . . . . . . . . . . . . . . . . . . Scanalyzers . | . . . . . . . . . . . . . . . . . . . . . . Garrison Access 11 | . . . 2 . 1 . 1 . 1 . 1 . 1 . . . 1 . 1 . 2 Terminal Hacks 14 | . . . 1 1 3 1 1 1 . 2 . . . 2 . . . 1 . 1 . Robot Analysis 2 | . . . . . 2 . . . . . . . . . . . . . . . . Open Door 3 | . . . 1 . . . . . . 1 . . . 1 . . . . . . . Emergency Access Points 4 | . . . . . . . . 1 . 1 . . . 1 . . . 1 . . . Unreport Threat 2 | . . . . . 1 . 1 . . . . . . . . . . . . . . Garrison Registry 1 | . . . . . . . . . . . . . . . . . . . . 1 . Patrol Navigation 1 | . . . . . . 1 . . . . . . . . . . . . . . . Security Stations 1 | . . . . 1 . . . . . . . . . . . . . . . . . Fabricator Hacks 1 | . . . . . . . . . . . . . . . . . 1 . . . . Build 1 | . . . . . . . . . . . . . . . . . 1 . . . . Repair Station Hacks . | . . . . . . . . . . . . . . . . . . . . . . Recycling Unit Hacks . | . . . . . . . . . . . . . . . . . . . . . . Scanalyzer . | . . . . . . . . . . . . . . . . . . . . . . Garrison Access Hacks 10 | . . . 1 . 1 . 1 . 1 . 1 . 1 . . . 1 . 1 . 2 Unlock Access 8 | . . . 1 . 1 . 1 . 1 . 1 . 1 . . . 1 . 1 . . Seal Access 1 | . . . . . . . . . . . . . . . . . . . . . 1 Coupler Status 1 | . . . . . . . . . . . . . . . . . . . . . 1 Unauthorized Hacks 6 | . . . . . 3 . 1 . 1 . . . . . 1 . . . . . . Terminals 6 | . . . . . 3 . 1 . 1 . . . . . 1 . . . . . . Botnet 6 | . . . . . 3 . 1 . 1 . . . . . 1 . . . . . . Fabricators . | . . . . . . . . . . . . . . . . . . . . . . Repair Stations . | . . . . . . . . . . . . . . . . . . . . . . Recycling Units . | . . . . . . . . . . . . . . . . . . . . . . Scanalyzers . | . . . . . . . . . . . . . . . . . . . . . . Garrison Access . | . . . . . . . . . . . . . . . . . . . . . . Data Cores Recovered 1 | . . . 1 . . . . . . . . . . . . . . . . . . Used . | . . . . . . . . . . . . . . . . . . . . . . Hacking Detections 27 | . . . 2 . 5 2 1 2 3 . 1 1 . 1 1 . 2 2 . 2 2 Full Trace Events 2 | . . . . . . . . 1 . . . . . 1 . . . . . . . Feedback Events . | . . . . . . . . . . . . . . . . . . . . . . Feedback Blocked . | . . . . . . . . . . . . . . . . . . . . . . Robot Schematics Acquired . | . . . . . . . . . . . . . . . . . . . . . . Robots Built . | . . . . . . . . . . . . . . . . . . . . . . Authchips . | . . . . . . . . . . . . . . . . . . . . . . Time . | . . . . . . . . . . . . . . . . . . . . . . Total Robot Build Rating . | . . . . . . . . . . . . . . . . . . . . . . Part Schematics Acquired . | . . . . . . . . . . . . . . . . . . . . . . Parts Built 2 | . . . . . . . . . . . . . . . . . 2 . . . . Authchips . | . . . . . . . . . . . . . . . . . . . . . . Time 58 | . . . . . . . . . . . . . . . . . 58 . . . . Total Part Build Rating 14 | . . . . . . . . . . . . . . . . . 14 . . . . Parts Repaired . | . . . . . . . . . . . . . . . . . . . . . . Time . | . . . . . . . . . . . . . . . . . . . . . . Parts Recycled . | . . . . . . . . . . . . . . . . . . . . . . Recycled Matter . | . . . . . . . . . . . . . . . . . . . . . . Retrieved Matter . | . . . . . . . . . . . . . . . . . . . . . . Retrieved Components . | . . . . . . . . . . . . . . . . . . . . . . Parts Scanalyzed . | . . . . . . . . . . . . . . . . . . . . . . Part Schematics Acquired . | . . . . . . . . . . . . . . . . . . . . . . Parts Damaged . | . . . . . . . . . . . . . . . . . . . . . . Bothacking | -11 -10 -9 -9 -9 -8 -8 -7 -7 -6 -6 -6 -6 -5 -5 -4 -4 -4 -4 -4 -4 -3 ------------ Run | Yrd Mat Mat Sto Gar Mat Gar Fac Gar Fac Gar Fac Gar Fac Gar Fac Was Fac Gar Fac Gar Res Used RIF Installer 9 | . . . . 1 . 2 . 1 . 1 . 2 . . . . . 1 . 1 . Code Merge 1 | . . . . . . . . . . . . 1 . . . . . . . . . Signal Jammer 1 | . . . . . . . . . . 1 . . . . . . . . . . . Watcher Feeds 1 | . . . . . . . . . . . . . . . . . . 1 . . . Patrol Navigation 1 | . . . . . . . . 1 . . . . . . . . . . . . . Structural Interface 1 | . . . . . . 1 . . . . . . . . . . . . . . . Program Shield 1 | . . . . . . 1 . . . . . . . . . . . . . . . Autoassimilate 2 | . . . . . . . . . . . . 1 . . . . . . . 1 . Robots Hacked 59 | . . . . . . 3 1 . . 1 . . 8 . 3 6 . 5 9 12 11 Non-combat . | . . . . . . . . . . . . . . . . . . . . . . Combat 59 | . . . . . . 3 1 . . 1 . . 8 . 3 6 . 5 9 12 11 Autoassimilated 14 | . . . . . . . . . . . . . . . . . . 4 2 4 4 Robot Hacks Applied 48 | . . . . . . 3 1 . . 1 . . 8 . 3 6 . 2 8 9 7 parse_system 4 | . . . . . . . . . . . . . 1 . 1 . . . . 2 . ignore_targets 6 | . . . . . . . . . . . . . . . . 6 . . . . . find_garrison 2 | . . . . . . . . . . . . . 1 . . . . . 1 . . scatter_targeting 1 | . . . . . . . . . . . . . . . . . . 1 . . . mark_system 1 | . . . . . . . . . . . . . . . . . . 1 . . . overload_power 1 | . . . . . . . . . . . . . . . . . . . . 1 . amplify_resonance 2 | . . . . . . . . . . . . . . . . . . . 1 . 1 reboot_system 1 | . . . . . . . . . . 1 . . . . . . . . . . . go_dormant 1 | . . . . . . 1 . . . . . . . . . . . . . . . overwrite_iff 18 | . . . . . . . . . . . . . 5 . 1 . . . 4 3 5 formatsys_high 11 | . . . . . . 2 1 . . . . . 1 . 1 . . . 2 3 1 Relay Couplers Released 88 | . . . . 3 . 12 . 3 . 14 . 8 . 17 . . . 16 . 15 . Machine Destruction 84 | . . . . 3 . 8 . 3 . 14 . 8 . 17 . . . 16 . 15 . Programmers 4 | . . . . . . 4 . . . . . . . . . . . . . . . Attached 21 | . . . . . . 2 1 . . 1 . 1 2 3 . 1 . 5 2 2 1 Merged Code Value 231 | . . . . . . . . . . . . 19 . 55 . . . 77 . 80 . Fabnet Peak Effective % . | . . . . . . . . . . . . . . . . . . . . . . Robots Rewired 20 | . . . . . . . . . . 9 . . . 6 . . . 1 . 4 . Allies Hacked 2 | . . . . . . . . . . . . . . . . . 2 . . . . Hacks Repelled . | . . . . . . . . . . . . . . . . . . . . . . Allies | -11 -10 -9 -9 -9 -8 -8 -7 -7 -6 -6 -6 -6 -5 -5 -4 -4 -4 -4 -4 -4 -3 -------- Run | Yrd Mat Mat Sto Gar Mat Gar Fac Gar Fac Gar Fac Gar Fac Gar Fac Was Fac Gar Fac Gar Res Total Allies 83 | . . . . . . 2 1 . . 11 . . 6 6 2 19 . 5 7 14 10 Largest Group 19 | . . . . . . 2 1 . . 7 1 1 1 7 7 19 17 4 3 5 4 Highest-Rated Group 684 | . . . . . . 55 90 . . 442 49 49 137 489 489 684 634 168 226 365 207 Highest-Rated Ally 148 | . . . . . . 40 90 . . 119 49 49 137 137 133 50 50 148 148 148 64 Total Orders 2 | . . . . . . . . . . 2 . . . . . . . . . . . STAY 1 | . . . . . . . . . . 1 . . . . . . . . . . . FOLLOW 1 | . . . . . . . . . . 1 . . . . . . . . . . . Ally Attacks 670 | . . . . . . 11 . . . 155 . 2 28 2 37 67 106 10 78 107 67 Total Damage 21820 | . . . . . . 250 . . . 4828 . 21 786 132 1393 3429 2690 301 2717 3176 2097 Kills 138 | . . . . . . 3 . . . 41 . 1 6 . 7 7 24 . 22 16 11 Allies Corrupted 3 | . . . . . . . . . . . . . . . . . . 1 . . 2 Allies Melted . | . . . . . . . . . . . . . . . . . . . . . . Intel | -11 -10 -9 -9 -9 -8 -8 -7 -7 -6 -6 -6 -6 -5 -5 -4 -4 -4 -4 -4 -4 -3 ------- Run | Yrd Mat Mat Sto Gar Mat Gar Fac Gar Fac Gar Fac Gar Fac Gar Fac Was Fac Gar Fac Gar Res Robot Analysis Total 2 | . . . . . 2 . . . . . . . . . . . . . . . . Derelict Logs Recovered . | . . . . . . . . . . . . . . . . . . . . . . Drone Launches . | . . . . . . . . . . . . . . . . . . . . . . Drone Recoveries . | . . . . . . . . . . . . . . . . . . . . . . Exploration | -11 -10 -9 -9 -9 -8 -8 -7 -7 -6 -6 -6 -6 -5 -5 -4 -4 -4 -4 -4 -4 -3 ------------- Run | Yrd Mat Mat Sto Gar Mat Gar Fac Gar Fac Gar Fac Gar Fac Gar Fac Was Fac Gar Fac Gar Res Turns Passed 22834 | . 278 103 747 1046 1133 1462 1913 1260 307 2134 18 1316 1349 2207 869 470 852 2153 784 1494 939 Spaces Moved 9085 | 1 119 43 328 556 376 492 729 589 164 1034 11 491 396 693 277 283 278 723 363 778 361 Core 29 | . 2 . . . . . . . . . . 2 . . 1 . . . . . 24 Treads 7642 | . . 21 328 556 376 492 729 589 164 1034 11 448 310 693 209 25 32 149 363 778 335 Legs 267 | 1 117 22 . . . . . . . . . 41 86 . . . . . . . . Wheels 1145 | . . . . . . . . . . . . . . . 67 258 246 574 . . . Hover . | . . . . . . . . . . . . . . . . . . . . . . Flight 2 | . . . . . . . . . . . . . . . . . . . . . 2 Fastest Speed 37 | 120 100 120 160 160 160 242 162 160 160 160 160 160 165 240 130 130 210 163 160 160 37 Average Speed 201 | 120 121 139 160 160 232 242 234 165 160 160 160 216 238 295 282 139 230 240 162 160 152 Slowest Speed 1850 | 120 190 160 160 160 320 243 243 240 160 160 160 1550 410 320 1850 240 240 250 163 160 240 Overloaded Moves . | . . . . . . . . . . . . . . . . . . . . . . Propulsion Burnouts . | . . . . . . . . . . . . . . . . . . . . . . Robots Hopped . | . . . . . . . . . . . . . . . . . . . . . . Cave-ins Triggered . | . . . . . . . . . . . . . . . . . . . . . . Exploration Rate (%) 42 | 2 33 7 50 66 42 62 23 84 6 85 1 48 18 91 6 94 11 83 14 88 15 Regions Visited 21 Branch Regions 1 Pre-discovered Areas . | . . . . . . . . . . . . . . . . . . . . . . Known Exits Taken 8 | . . . 1 . 1 . 1 . 1 . 1 . 1 . . . 1 . 1 . . Unknown Exits Taken 3 | 1 1 1 . . . . . . . . . . . . . . . . . . . Scrap Searched . | . . . . . . . . . . . . . . . . . . . . . . Spaces Dug 23 | . . . . . 2 10 . . . 1 . . 7 . . . . . 1 2 . Terrain Destroyed 443 | . . . . . 2 16 10 55 3 16 . 2 171 14 5 1 2 82 18 13 33 Melee 2 | . . . . . 2 . . . . . . . . . . . . . . . . Projectile 115 | . . . . . . . . . . 16 . 1 42 . 5 1 2 5 18 9 16 AOE 326 | . . . . . . 16 10 55 3 . . 1 129 14 . . . 77 . 4 17 Terrain Rammed . | . . . . . . . . . . . . . . . . . . . . . . Walls Destroyed . | . . . . . . . . . . . . . . . . . . . . . . Machines Disabled . | . . . . . . . . . . . . . . . . . . . . . . Actions | -11 -10 -9 -9 -9 -8 -8 -7 -7 -6 -6 -6 -6 -5 -5 -4 -4 -4 -4 -4 -4 -3 --------- Run | Yrd Mat Mat Sto Gar Mat Gar Fac Gar Fac Gar Fac Gar Fac Gar Fac Was Fac Gar Fac Gar Res Total 12046 | . 187 82 452 634 518 643 848 730 192 1336 11 616 610 820 337 335 449 1036 520 960 730 Wait 948 | . 16 27 21 10 48 43 39 15 6 100 . 32 39 5 5 7 116 79 77 55 208 Move 9073 | . 118 42 328 555 376 491 729 588 164 1033 11 490 396 692 277 282 278 722 363 777 361 Hop . | . . . . . . . . . . . . . . . . . . . . . . Pick Up 139 | . 2 2 12 7 8 12 12 6 2 12 . 5 8 11 5 4 5 16 2 6 2 Fast Attach 122 | . 6 4 8 3 11 3 9 4 3 10 . 3 12 6 6 1 4 8 4 8 9 Attach 117 | . . 2 6 2 2 7 1 2 3 5 . 8 13 4 9 3 1 25 2 10 12 Detach 35 | . 1 1 . . . . . . . 3 . 1 2 3 3 . 2 9 3 5 2 Swap 98 | . 2 . 10 4 6 4 12 6 4 8 . . 13 1 3 3 8 5 6 3 . Drop 160 | . 5 2 10 8 7 5 4 11 3 18 . 7 10 10 2 6 11 27 3 9 2 Fire 1184 | . 36 2 54 42 55 72 42 98 7 101 . 66 113 42 27 29 23 101 54 87 133 Melee 4 | . . . . . 4 . . . . . . . . . . . . . . . . Ram 1 | . . . . . . . . . . . . . . . . . 1 . . . . Kick 1 | . 1 . . . . . . . . . . . . . . . . . . . . Crush 15 | . . . 3 . 1 . . . . . . . 4 . . . . . 6 . 1 Escape Stasis 53 | . . . . . . 6 . . . . . 4 . . . . . 43 . . . Rewire 93 | . . . . . . . . . . 46 . . . 46 . . . 1 . . . Trap 3 | . . . . 3 . . . . . . . . . . . . . . . . . Miscellaneous . | . . . . . . . . . . . . . . . . . . . . . . Route ------- -11/Scrapyard -10/Materials -9/Materials -9/Storage -9/Garrison (discovered 3 exits: *Mat x3) -8/Materials (discovered 2 exits: *Fac / Gar) -8/Garrison (discovered 2 exits: *Fac x2) -7/Factory (discovered 3 exits: *Fac / [*Low] / Gar) -7/Garrison (discovered 3 exits: *Fac x3) -6/Factory (discovered 3 exits: *Fac / [*Low] / Gar) -6/Garrison (discovered 3 exits: *Fac x3) -6/Factory -6/Garrison -5/Factory (discovered 3 exits: *Fac x2 / Gar) -5/Garrison (discovered 3 exits: *Fac x3) -4/Factory -4/Waste -4/Factory -4/Garrison (discovered 3 exits: *Fac x3) -4/Factory (discovered 2 exits: [*Ext] / Gar) -4/Garrison (discovered 4 exits: *Res x3 / [Fac]) -3/Research (discovered 1 exit: [*Res]) History --------- Turn | Location | Event 1 | -11/Scrapyard | Discovered new exit (range 0) 1 | -11/Scrapyard | Entered Materials 261 | -10/Materials | Discovered new exit (range 16) 279 | -10/Materials | Entered another Materials area 279 | -9/Materials | Evolved 2 slots: Propulsion x1, Utility x1 295 | -9/Materials | Discovered new exit (range 15) 310 | -9/Materials | Build established: Mutant 382 | -9/Materials | Entered Storage 808 | -9/Storage | Build established: Scavenger-Mutant 812 | -9/Storage | Met 01-MTF 982 | -9/Storage | Found Prototype Launcher 982 | -9/Storage | Identified Scatter Rocket Array 1129 | -9/Storage | Identified exit to Garrison 1129 | -9/Storage | Entered Garrison 1154 | -9/Garrison | Installed Relay Interface Framework 1225 | -9/Garrison | Triggered checkpoint 1473 | -9/Garrison | Triggered checkpoint 1591 | -9/Garrison | Triggered checkpoint 1596 | -9/Garrison | Destroyed 12 combat bots 1706 | -9/Garrison | Discovered new exit (range 11) 1871 | -9/Garrison | Discovered new exit (range 8) 1890 | -9/Garrison | Learned Materials security intel 1901 | -9/Garrison | Triggered checkpoint 1918 | -9/Garrison | Garrison Relay disabled 2013 | -9/Garrison | Triggered checkpoint 2049 | -9/Garrison | Discovered new exit (range 8) 2057 | -9/Garrison | Triggered checkpoint 2074 | -9/Garrison | Core integrity fell below 50% 2175 | -9/Garrison | Entered Materials 2175 | -8/Materials | Evolved 2 slots: Propulsion x1, Utility x1 2543 | -8/Materials | Discovered new exit (range 3) 3214 | -8/Materials | Garrison activated, responded to threat 3308 | -8/Materials | Identified exit to Garrison 3308 | -8/Materials | Entered Garrison 3398 | -8/Garrison | Triggered checkpoint 3516 | -8/Garrison | Expanded RIF knowledge: Structural Interface 3697 | -8/Garrison | Garrison Relay disabled 3794 | -8/Garrison | Triggered checkpoint 3906 | -8/Garrison | Triggered checkpoint 4002 | -8/Garrison | Triggered checkpoint 4006 | -8/Garrison | Garrison Relay disabled 4108 | -8/Garrison | Discovered new exit (range 11) 4250 | -8/Garrison | Build established: Bothacker-Mutant 4264 | -8/Garrison | Triggered checkpoint 4316 | -8/Garrison | Triggered checkpoint 4378 | -8/Garrison | Triggered checkpoint 4538 | -8/Garrison | System corruption reached 10% 4588 | -8/Garrison | Lost 4 parts (1n1u2w) 4598 | -8/Garrison | Expanded RIF knowledge: Program Shield 4731 | -8/Garrison | Discovered new exit (range 13) 4770 | -8/Garrison | Entered Factory 4770 | -7/Factory | Evolved 2 slots: Propulsion x1, Utility x1 5188 | -7/Factory | Discovered new exit (range 12) 6459 | -7/Factory | Discovered new exit (range 16) 6683 | -7/Factory | Identified exit to Garrison 6683 | -7/Factory | Entered Garrison 6740 | -7/Garrison | Build established: Scavenger-Mutant 7039 | -7/Garrison | Triggered checkpoint 7097 | -7/Garrison | Spotted B-75 Beast 7260 | -7/Garrison | Discovered new exit (range 3) 7463 | -7/Garrison | Destroyed 9 combat bots 7533 | -7/Garrison | Expanded RIF knowledge: Patrol Navigation 7556 | -7/Garrison | Discovered new exit (range 14) 7667 | -7/Garrison | Triggered checkpoint 7700 | -7/Garrison | Garrison Relay disabled 7759 | -7/Garrison | Triggered checkpoint 7842 | -7/Garrison | Discovered new exit (range 10) 7943 | -7/Garrison | Entered Factory 7943 | -6/Factory | Evolved 2 slots: Propulsion x1, Utility x1 8023 | -6/Factory | Discovered new exit (range 19) 8025 | -6/Factory | Build established: Bothacker-Mutant 8066 | -6/Factory | Discovered new exit (range 19) 8250 | -6/Factory | Identified exit to Garrison 8250 | -6/Factory | Entered Garrison 8282 | -6/Garrison | Triggered checkpoint 8327 | -6/Garrison | Spotted Executioner 8374 | -6/Garrison | Destroyed Executioner 8400 | -6/Garrison | Lost 3 allies 8449 | -6/Garrison | Spotted Executioner 8468 | -6/Garrison | Destroyed Executioner 8481 | -6/Garrison | Rewired Executioner 8630 | -6/Garrison | Triggered checkpoint 8681 | -6/Garrison | Garrison Relay disabled 8855 | -6/Garrison | Spotted B-75 Beast 8856 | -6/Garrison | Triggered checkpoint 8874 | -6/Garrison | Allies destroyed B-75 Beast 8904 | -6/Garrison | Triggered checkpoint 9025 | -6/Garrison | Discovered new exit (range 13) 9036 | -6/Garrison | Found embedded Infiltrators 9184 | -6/Garrison | Triggered checkpoint 9456 | -6/Garrison | Triggered checkpoint 9461 | -6/Garrison | Expanded RIF knowledge: Signal Jamming 9504 | -6/Garrison | Garrison Relay disabled 9559 | -6/Garrison | Discovered new exit (range 15) 9631 | -6/Garrison | Triggered checkpoint 9670 | -6/Garrison | Lost 3 allies 9704 | -6/Garrison | Triggered checkpoint 9730 | -6/Garrison | Garrison Relay disabled 9760 | -6/Garrison | Discovered new exit (range 21) 9849 | -6/Garrison | Build established: Botlord-Mutant 10102 | -6/Garrison | Triggered checkpoint 10384 | -6/Garrison | Entered Factory 10384 | -6/Factory | Accompanied by 1 ally 10402 | -6/Factory | Identified exit to Garrison 10402 | -6/Factory | Entered Garrison 10402 | -6/Garrison | Accompanied by 1 ally 10464 | -6/Garrison | Triggered checkpoint 10667 | -6/Garrison | Garrison Relay disabled 10694 | -6/Garrison | Triggered checkpoint 10696 | -6/Garrison | Discovered new exit (range 10) 10740 | -6/Garrison | Expanded RIF knowledge: Autoassimilate 10802 | -6/Garrison | Triggered checkpoint 10861 | -6/Garrison | Lost 3 parts (2n1u) 11061 | -6/Garrison | Core integrity fell below 50% 11110 | -6/Garrison | Triggered checkpoint 11152 | -6/Garrison | Triggered checkpoint 11300 | -6/Garrison | Expanded RIF knowledge: Code Merge 11326 | -6/Garrison | Triggered checkpoint 11435 | -6/Garrison | Garrison Relay disabled 11718 | -6/Garrison | Entered Factory 11718 | -5/Factory | Evolved 2 slots: Power x1, Utility x1 11811 | -5/Factory | Discovered new exit (range 7) 12018 | -5/Factory | First assault squad dispatched 12624 | -5/Factory | Discovered new exit (range 4) 12980 | -5/Factory | Garrison activated, responded to threat 13067 | -5/Factory | Identified exit to Garrison 13067 | -5/Factory | Entered Garrison 13067 | -5/Garrison | Discovered recently destroyed garrison 13067 | -5/Garrison | Accompanied by 1 ally 13169 | -5/Garrison | Garrison Relay disabled 13357 | -5/Garrison | Build established: Bothacker-Mutant 13497 | -5/Garrison | Garrison Relay disabled 13561 | -5/Garrison | Discovered new exit (range 11) 13594 | -5/Garrison | Garrison Relay disabled 13787 | -5/Garrison | Heavy support dispatched to Factory 13799 | -5/Garrison | Build established: Botlord-Mutant 14090 | -5/Garrison | Garrison Relay disabled 14235 | -5/Garrison | Found Relay Coupler [Proto] 14255 | -5/Garrison | Found Relay Coupler [Proto] 14263 | -5/Garrison | Found Relay Coupler [Proto] 14525 | -5/Garrison | Discovered new exit (range 10) 14705 | -5/Garrison | Garrison Relay disabled 15239 | -5/Garrison | Discovered new exit (range 9) 15274 | -5/Garrison | Entered Factory 15274 | -4/Factory | Accompanied by 7 allies 15274 | -4/Factory | Evolved 2 slots: Utility x2 15774 | -4/Factory | First assault squad dispatched 15932 | -4/Factory | P-70 Sage assimilated allied UJ-SXK(g) 16001 | -4/Factory | Lost 5 allies 16011 | -4/Factory | Lost 6 parts (2n2u2w) 16143 | -4/Factory | Sucked down chute 16143 | -4/Factory | Entered Waste 16153 | -4/Waste | Spotted C-40 Crusher 16156 | -4/Waste | Spotted C-40 Crusher 16160 | -4/Waste | Spotted C-40 Crusher 16182 | -4/Waste | Spotted C-40 Crusher 16198 | -4/Waste | Spotted C-40 Crusher 16217 | -4/Waste | Spotted C-40 Crusher 16230 | -4/Waste | Discovered new exit (range 15) 16339 | -4/Waste | Warlord forces began an assault 16465 | -4/Waste | Allies destroyed C-40 Crusher 16469 | -4/Waste | Allies destroyed C-40 Crusher 16480 | -4/Waste | Allies destroyed C-40 Crusher 16495 | -4/Waste | Allies destroyed C-40 Crusher 16533 | -4/Waste | Allies destroyed C-40 Crusher 16613 | -4/Waste | Entered Factory 16613 | -4/Factory | Accompanied by 17 allies 16958 | -4/Factory | P-70 Sage assimilated allied G2-ZRT(b) 17001 | -4/Factory | Lost 5 allies 17188 | -4/Factory | Fabricated Railgun (x2) 17333 | -4/Factory | Lost 3 allies 17465 | -4/Factory | Identified exit to Garrison 17465 | -4/Factory | Entered Garrison 17465 | -4/Garrison | Accompanied by 3 allies 17505 | -4/Garrison | Garrison Relay disabled 17551 | -4/Garrison | Triggered checkpoint 17610 | -4/Garrison | Lost 4 allies 17684 | -4/Garrison | Garrison Relay disabled 17846 | -4/Garrison | Found Quantum Capacitor 17856 | -4/Garrison | Found Quantum Capacitor 17932 | -4/Garrison | Found Relay Coupler [Proto] 18099 | -4/Garrison | Triggered checkpoint 18109 | -4/Garrison | Triggered checkpoint 18134 | -4/Garrison | Destroyed 9 combat bots 18252 | -4/Garrison | Found Quantum Capacitor 18318 | -4/Garrison | Spotted B-86 Titan 18355 | -4/Garrison | Destroyed B-86 Titan 18430 | -4/Garrison | Found Quantum Capacitor 18502 | -4/Garrison | Triggered checkpoint 18664 | -4/Garrison | Discovered new exit (range 11) 18933 | -4/Garrison | System corruption reached 10% 18997 | -4/Garrison | Triggered checkpoint 19041 | -4/Garrison | Garrison Relay disabled 19104 | -4/Garrison | Discovered new exit (range 14) 19337 | -4/Garrison | Spotted B-86 Titan 19349 | -4/Garrison | Rewired B-90 Cyclops 19449 | -4/Garrison | Garrison Relay disabled 19477 | -4/Garrison | Core integrity fell below 50% 19536 | -4/Garrison | Discovered new exit (range 13) 19564 | -4/Garrison | Expanded RIF knowledge: Watcher Feeds 19609 | -4/Garrison | System corruption reached 30% 19618 | -4/Garrison | Entered Factory 19618 | -4/Factory | Accompanied by 1 ally 20012 | -4/Factory | Discovered new exit (range 12) 20121 | -4/Factory | Lost 3 allies 20186 | -4/Factory | Lost 4 allies 20402 | -4/Factory | Identified exit to Garrison 20402 | -4/Factory | Entered Garrison 20402 | -4/Garrison | Accompanied by 1 ally 20412 | -4/Garrison | Rewired B-90 Cyclops 20413 | -4/Garrison | Spotted B-90 Cyclops 20418 | -4/Garrison | Rewired B-90 Cyclops 20428 | -4/Garrison | Build established: Bothacker-Mutant 20444 | -4/Garrison | Allies destroyed B-90 Cyclops 20584 | -4/Garrison | Triggered checkpoint 20615 | -4/Garrison | Spotted B-86 Titan 20634 | -4/Garrison | Allies destroyed B-86 Titan 20651 | -4/Garrison | Lost 6 allies 20696 | -4/Garrison | Triggered checkpoint 20828 | -4/Garrison | Triggered checkpoint 20875 | -4/Garrison | Garrison Relay disabled 20972 | -4/Garrison | Discovered new exit (range 12) 21052 | -4/Garrison | Triggered checkpoint 21213 | -4/Garrison | Door terminal overloaded 21326 | -4/Garrison | Discovered new exit (range 10) 21438 | -4/Garrison | Expanded RIF knowledge: Autoassimilate 21487 | -4/Garrison | Discovered new exit (range 55) 21487 | -4/Garrison | Discovered new exit (range 43) 21487 | -4/Garrison | Discovered new exit (range 23) 21487 | -4/Garrison | Discovered new exit (range 32) 21616 | -4/Garrison | Garrison Relay disabled 21640 | -4/Garrison | Triggered checkpoint 21661 | -4/Garrison | Garrison Relay disabled 21745 | -4/Garrison | Build established: Botlord-Mutant 21810 | -4/Garrison | Triggered checkpoint 21833 | -4/Garrison | Garrison Relay disabled 21896 | -4/Garrison | Triggered checkpoint 21896 | -4/Garrison | Entered Research 21896 | -3/Research | Accompanied by 3 allies 21896 | -3/Research | Evolved 2 slots: Utility x2 21964 | -3/Research | Garrison activated, responded to threat 22396 | -3/Research | First assault squad dispatched 22571 | -3/Research | Lost 4 parts (2n2u) 22639 | -3/Research | Lost 4 parts (1n2u1w) 22702 | -3/Research | Discovered new exit (range 41) 22792 | -3/Research | Core integrity fell below 50% 22817 | -3/Research | Released all parts (6) 22826 | -3/Research | Core integrity fell below 20% 22835 | -3/Research | Destroyed by P-80 Master with Gamma Rifle Last Messages --------------- 22817_ Released Rnf. Fission Core. 22817_ M-36 Artificer repairs Lgt. Ion Engine. 22818_ Acquired Xenon Bombardment Thruster. 22819_ Xenon Bombardment Thruster destroyed. 22820_ Acquired 5 matter. 22822_ K-01 Serf cleans the Catalytron. 22822_ G-67 Veteran IFF system glitched. 22823_ P-80 Master resets I-47 Archangel, system corruption cleaned. 22825_ Catalytron disabled. 22825_ K-01 Serf collects debris. 22828_ P-80 Master resets P-80 Master, system corruption cleaned. 22828_ Door malfunctions. 22831_ Acquired Xenon Bombardment Thruster. 22832_ K-01 Serf destroyed. 22832_ Acquired Xenon Bombardment Thruster. 22834_ System corrupted: Matter fused (-8). 22834_ Acquired Xenon Bombardment Thruster. 22835_ Xenon Bombardment Thruster destroyed. Map ----- +----------------------------------------------------+ | ?# ### #???????????# #??????????????? | | ?+ #???? #???????????# #??????????????? | | ?# ##############??????# #??????????????? | | ?# # #??????# #??????????????? | | ## # #??????# #??????????????? | | # *+ """ #??????+ #??????????????? | | # % %# =*[ """ #??????# #??????????????? | | # !# **[ """ #??????# #??????????????? | | # # ** ######## #??????????????? | | # # # #############??? | | # # """ # # ??? | | ### # """ !# # ??#! | | ## # """ # # ???# | | [## # # ###+#### ???# | | !## # [ # #??????? ????# | | !## ##+######+#### #??????? ????# | | %#%%!! #???????? ?????# | | %/ ![[ #???????? ?????# | | %#!%= +????????? ??????# | | [/![= #????????? ??????# | | %####+### ########??????????] ???????# | | # # """i #????????????????? ???????# | | # # """ k###################+########## | | # # "" pp | | ### # R *[ | | ## # * p @*!= ^ | | ### # !% [!p[%| | | ??# ###########/######+####################### | | ??# #???????? ??#[%== #???????????????? | | ??# #??????# #!** #????????????#### | | ??# #??????# """ # = "" ##############!## | | ??# #??????# """ # %="" + %!=!% | | ??# #??????# """ [# Y" ##############=## | | ??#######??????# # "" #??# """"""== | | ???????????????# # ! "" #???# ""S""" ! | | ???????????????# # #???# "" | | ???????????????# ! ???# #???# | | ???????????????####?????##########???# === | | ?????????????????????????????????????# === | | ?????????????????????????????????????# == | | ?????????????????????????????????????# """ | | ?????????????????????????????????????# """ | | ?????????????????????????????????????# """ | | ?????????????????????????????????????# | | ?????????????????????????????????????# | | ?????????????????????????????????????## """#### | | ??????????????????????????????????????#"" F""???# | | ??????????????????????????????????????#"""""????# | | ????????????????????????????????????????""??????# | | ????????????????????????????????????????????????## | +----------------------------------------------------+ Best States ------------- Heat Dissipation 84 Coolant Potential 100 Energy Generation 37 Energy Capacity 535 Matter Stores 300 Matter Capacity 300 Sight Range 22 Terrain Scan Density 10 Armor Coverage 1200 Resistance: KI 20 Resistance: TH 30 Evasion (%) 55 Target Analysis 8 Recoil Reduction 6 Relay Coupler Types 5 Relay Coupler Value 227 Authchip Count 1 Item Schematics ----------------- None Robot Schematics ------------------ None Fabricated ------------ Railgun | x2 | -4/Factory | Preloaded Alien Tech Used ----------------- None Achievements -------------- None Challenges ------------ None Game ------ Seed ParticleGuidanceGuard Manual? 0 Play Time 02:57:15 Cumulative 138.8 hours Start 2024.11.23 @ 01:45:01 End 2024.11.23 @ 05:33:50 Sessions 1 Manual Loads 0 Difficulty Rogue Special Mode None Game No. 114 Rogue 95 Adventurer 16 Explorer 3 Win Type - Total 10 Types 8/0/1/1/0/0/0/0/0 Lore% 29 Gallery% 65 Achievement% 58 Wizard Run 0 Options --------- Layout 2 ASCII 0 Keyboard 0 Movement Numpad Keybinds 1 Fullscreen 1 Font 24/Terminus Map View 50x44 Zoom Use 0% Tactical HUD 1 Map Filters NONE Filters NONE Steam 1 RUN: a160fde3-4965-4a88-a629-dd3baa26bd6b